Workbook

Sheet January 2015
A1: Check Number | C1: Check Date | D1: Vendor Name | F1: Transaction Amount | S1: Description | T1: Account Name | U1: Department | V1: Division | W1: Object of Expenditure | X1: Project Number
A2: 412316 | C2: 42010 | D2: BOB TOMES FORD | F2: 730.09 | S2: BLANKET PURCHASE ORDER | T2: AUTO MAINTENANCE | U2: EQUIPMENT SERVICES | V2: EQUIP SERV-SHARED | W2: BLANKET PURCHASE ORDER
F8: -14.73 | S8: INV# 5401180 | T8: AUTO MAINTENANCE | U8: EQUIPMENT SERVICES | V8: EQUIP SERV-SHARED | W8: INV# 5401180
A9: 412604 | C9: 42024 | F9: 357.39 | S9: AUTO/TRUCK MAINT. ITEMS | T9: PARTS | W9: AUTO/TRUCK MAINT. ITEMS
F10: 924.69 | S10: BLANKET PURCHASE ORDER | T10: AUTO MAINTENANCE | U10: EQUIPMENT SERVICES | V10: EQUIP SERV-SHARED | W10: BLANKET PURCHASE ORDER
F18: -27.03 | S18: INV# 5406053 | T18: AUTO MAINTENANCE | U18: EQUIPMENT SERVICES | V18: EQUIP SERV-SHARED | W18: INV# 5406053
A19: 413243 | C19: 42031 | F19: 1178.46 | S19: BLANKET PURCHASE ORDER | T19: AUTO MAINTENANCE | U19: EQUIPMENT SERVICES | V19: EQUIP SERV-SHARED | W19: BLANKET PURCHASE ORDER
L28: =SUM(hList_Frame_1!B1:B25) -> 3148.87
A30: 412605 | C30: 42024 | D30: BOB BARKER CO | F30: 522 | S30: CLOTHING AND APPAREL | T30: DETENTION SUPPLIES | U30: SHERIFF'S OFFICE | V30: JAIL OPS-ADMIN | W30: CLOTHING AND APPAREL
N32: =SUM(hList_Frame_1!B26:B26) -> 522
A34: 412606 | C34: 42024 | D34: ECOLAB INC | F34: 1882.5 | S34: JANITORIAL SUPPLIES-GEN. | T34: DETENTION SUPPLIES | U34: SHERIFF'S OFFICE | V34: JAIL OPS-ADMIN | W34: JANITORIAL SUPPLIES-GEN.
A35: 413244 | C35: 42031 | F35: 502 | S35: JANITORIAL SUPPLIES-GEN. | T35: JANITORIAL SUPPLIES | U35: JUVENILE PROBATION | V35: JUV DET -ADMIN | W35: JANITORIAL SUPPLIES-GEN.
L37: =SUM(hList_Frame_1!B27:B28) -> 2384.5
A39: 412317 | C39: 42010 | D39: MCKINNEY TIRE & APPLIANCE | F39: 158.5 | S39: CAFETERIA/KITCHEN EQUIP. | T39: ONE-TIME BUDGET NON-CAP | U39: UNALLOCATED | V39: CAPITAL REPLACEMENT | W39: CAFETERIA/KITCHEN EQUIP.
A40: 412607 | C40: 42024 | F40: 158.5 | S40: CAFETERIA/KITCHEN EQUIP. | T40: ONE-TIME BUDGET NON-CAP | U40: UNALLOCATED | V40: CAPITAL REPLACEMENT | W40: CAFETERIA/KITCHEN EQUIP.
A41: 413245 | C41: 42031 | F41: 158.5 | S41: CAFETERIA/KITCHEN EQUIP. | T41: ONE-TIME BUDGET NON-CAP | U41: UNALLOCATED | V41: CAPITAL REPLACEMENT | W41: CAFETERIA/KITCHEN EQUIP.
N43: =SUM(hList_Frame_1!B29:B31) -> 475.5
A45: 412608 | C45: 42024 | D45: MATTHEW BENDER & CO | F45: 288.31 | S45: PUBLICATIONS/AUDIOVISUALS | T45: DUES & SUBSCRIPTIONS | U45: VETERAN SERVICES | V45: VETERAN - ADMIN | W45: PUBLICATIONS/AUDIOVISUALS
N47: =SUM(hList_Frame_1!B32:B32) -> 288.31
A49: 413246 | C49: 42031 | D49: HEIDENHEIMER, MARK | F49: 450 | S49: 001-86956-14 | T49: COURT APPOINTED ATTORNEY | U49: INDIGENT DEFENSE | V49: INDIGENT DEFENSE | W49: 001-86956-14 | X49: IDCL1M
N51: =SUM(hList_Frame_1!B33:B33) -> 450
A53: 413247 | C53: 42031 | D53: POLLOCK PAPER DISTRIBUTORS | F53: 1247.22 | S53: PAPER/PLASTIC, DISPOSABLE | T53: JANITORIAL SUPPLIES | W53: PAPER/PLASTIC, DISPOSABLE
F54: 383.76 | S54: SUPPLIES | T54: JANITORIAL SUPPLIES | U54: JUVENILE PROBATION | V54: JUV DET -ADMIN | W54: SUPPLIES
L56: =SUM(hList_Frame_1!B34:B35) -> 1630.98
A58: 412609 | C58: 42024 | D58: RODENBAUGH'S INC | F58: 61.24 | S58: EQUIP MAINT-GENERAL EQUIP | T58: EQUIPMENT MAINTENANCE | U58: FACILITIES & PARKS | V58: BUILD SUP-SHARED | W58: EQUIP MAINT-GENERAL EQUIP | X58: B06002
P60: =SUM(hList_Frame_1!B36:B36) -> 61.24
A62: 412318 | C62: 42010 | D62: THOMASON TIRE INC | F62: 622.95 | S62: BLANKET PURCHASE ORDER | T62: AUTO MAINTENANCE | U62: EQUIPMENT SERVICES | V62: EQUIP SERV-SHARED | W62: BLANKET PURCHASE ORDER
A68: 412610 | C68: 42024 | F68: 1736.84 | S68: TIRES AND TUBES | T68: PARTS | W68: TIRES AND TUBES
A69: 413248 | C69: 42031 | F69: 450 | S69: TIRES AND TUBES | T69: PARTS | W69: TIRES AND TUBES
L71: =SUM(hList_Frame_1!B37:B44) -> 2809.79
A73: 412319 | C73: 42010 | D73: WEST PUBLISHING CORPORATION | F73: 55 | S73: PUBLICATIONS/AUDIOVISUALS | T73: DUES & SUBSCRIPTIONS | U73: UNALLOCATED | V73: NON-DEPARTMENTAL | W73: PUBLICATIONS/AUDIOVISUALS
A74: 412611 | C74: 42024 | F74: 13321.15 | S74: MISC PROFESSIONAL SERVICE | T74: COMMUNICATION LINE LEASE | U74: BUDGET | V74: LAW LIBRARY-ADMIN | W74: MISC PROFESSIONAL SERVICE
T75: LIBRARY BOOKS | U75: DISTRICT ATTORNEY | V75: DA-ADMIN
T76: LIBRARY UPDATES | U76: BUDGET | V76: LAW LIBRARY-ADMIN
F77: 233 | S77: PUBLICATIONS/AUDIOVISUALS | T77: DUES & SUBSCRIPTIONS | U77: UNALLOCATED | V77: NON-DEPARTMENTAL | W77: PUBLICATIONS/AUDIOVISUALS
J83: =SUM(hList_Frame_1!B45:B53) -> 13609.15
A85: 412612 | C85: 42024 | D85: HOUSTON LAW REVIEW INC | F85: 40 | S85: MISC PROFESSIONAL SERVICE | T85: LIBRARY UPDATES | U85: BUDGET | V85: LAW LIBRARY-ADMIN | W85: MISC PROFESSIONAL SERVICE
P87: =SUM(hList_Frame_1!B54:B54) -> 40
A89: 412613 | C89: 42024 | D89: CULLEOKA WATER SUPPLY | F89: 6554.87 | S89: PUBLIC WORK | T89: UTILITY CONSTRUCTION | U89: PUBLIC WORKS | V89: R&B - ADMIN | W89: PUBLIC WORK
L91: =SUM(hList_Frame_1!B55:B55) -> 6554.87
A93: 412556 | C93: 42011 | D93: GEBO CREDIT CORPORATION | F93: 499.94 | S93: replaces ck 412320 | T93: MAJOR ROAD CONSTRUCTION | U93: PUBLIC WORKS | V93: R&B - ADMIN | W93: replaces ck 412320
A94: 412614 | C94: 42024 | F94: 8.5 | S94: BLANKET PURCHASE ORDER | T94: AUTO MAINTENANCE | U94: EQUIPMENT SERVICES | V94: EQUIP SERV-SHARED | W94: BLANKET PURCHASE ORDER
F95: 24.99 | S95: INV# 0267136 | T95: AUTO MAINTENANCE | U95: EQUIPMENT SERVICES | V95: EQUIP SERV-SHARED | W95: INV# 0267136
F96: -24.99 | S96: INV# 8904315 | T96: AUTO MAINTENANCE | U96: EQUIPMENT SERVICES | V96: EQUIP SERV-SHARED | W96: INV# 8904315
N98: =SUM(hList_Frame_1!B56:B59) -> 508.44
A100: 412321 | C100: 42010 | D100: BEN E KEITH CO | F100: 2701.06 | S100: EDIBLE FOODS, STAPLE | T100: JAIL FOOD | W100: EDIBLE FOODS, STAPLE
T101: MINIMUM SECURITY FOOD
F103: 715.46 | S103: FOODS, PERISHABLE | T103: MINIMUM SECURITY FOOD | W103: FOODS, PERISHABLE
F105: 515.64 | S105: FOODS, READY-TO-EAT | T105: JAIL FOOD | W105: FOODS, READY-TO-EAT
T106: MINIMUM SECURITY FOOD
F108: 92.01 | S108: PAPER/PLASTIC, DISPOSABLE | T108: MINIMUM SECURITY FOOD | W108: PAPER/PLASTIC, DISPOSABLE
A110: 412615 | C110: 42024 | F110: 2766.6 | S110: EDIBLE FOODS, STAPLE | T110: JAIL FOOD | W110: EDIBLE FOODS, STAPLE
T112: MINIMUM SECURITY FOOD
F114: 1005.72 | S114: FOODS, PERISHABLE | T114: JAIL FOOD | W114: FOODS, PERISHABLE
T116: MINIMUM SECURITY FOOD
F118: 247.8 | S118: FOODS, READY-TO-EAT | T118: JAIL FOOD | W118: FOODS, READY-TO-EAT
T119: MINIMUM SECURITY FOOD
A121: 413249 | C121: 42031 | F121: 4613.38 | S121: EDIBLE FOODS, STAPLE | T121: FOOD SUPPLIES | U121: JUVENILE PROBATION | V121: JUV DET -ADMIN | W121: EDIBLE FOODS, STAPLE
T122: JAIL FOOD
T123: MINIMUM SECURITY FOOD
F124: 647.21 | S124: FOODS, PERISHABLE | T124: JAIL FOOD | W124: FOODS, PERISHABLE
T125: MINIMUM SECURITY FOOD
F126: 319.77 | S126: FOODS, READY-TO-EAT | T126: JAIL FOOD | W126: FOODS, READY-TO-EAT
T127: MINIMUM SECURITY FOOD
J129: =SUM(hList_Frame_1!B60:B87) -> 13624.65
A131: 412322 | C131: 42010 | D131: ROMCO EQUIPMENT CO | F131: 4075.4 | S131: EQUIP MAINT-AGRI/AUTO/IND | T131: HEAVY EQUIPMENT REPAIR | U131: EQUIPMENT SERVICES | V131: EQUIP SERV-SHARED | W131: EQUIP MAINT-AGRI/AUTO/IND
A132: 412616 | C132: 42024 | F132: 335.23 | S132: BLANKET PURCHASE ORDER | T132: HEAVY EQUIPMENT REPAIR | U132: EQUIPMENT SERVICES | V132: EQUIP SERV-SHARED | W132: BLANKET PURCHASE ORDER
A133: 413250 | C133: 42031 | F133: 356.96 | S133: BLANKET PURCHASE ORDER | T133: HEAVY EQUIPMENT REPAIR | U133: EQUIPMENT SERVICES | V133: EQUIP SERV-SHARED | W133: BLANKET PURCHASE ORDER
L135: =SUM(hList_Frame_1!B88:B90) -> 4767.59
A137: 413251 | C137: 42031 | D137: IBM | F137: 19278.74 | S137: DP SERV/SOFTWARE PURCHASE | T137: SOFTWARE MAINTENANCE | U137: UNALLOCATED | V137: NON-DEPARTMENTAL | W137: DP SERV/SOFTWARE PURCHASE
J139: =SUM(hList_Frame_1!B91:B91) -> 19278.74
A141: 412617 | C141: 42024 | D141: ALFORD INSURANCE AGENCY | F141: 142 | S141: FINANCIAL/ACCOUNTANCY SER | T141: NOTARY BONDS | U141: UNALLOCATED | V141: NON-DEPARTMENTAL | W141: FINANCIAL/ACCOUNTANCY SER
F143: 26.97 | S143: MISC PROFESSIONAL SERVICE | T143: SPECIAL DELIVERY SERVICE | U143: BUDGET | V143: SUPPORT SERVICES - SHARED | W143: MISC PROFESSIONAL SERVICE
A144: 413252 | C144: 42031 | F144: 426 | S144: FINANCIAL/ACCOUNTANCY SER | T144: NOTARY BONDS | U144: UNALLOCATED | V144: NON-DEPARTMENTAL | W144: FINANCIAL/ACCOUNTANCY SER
N151: =SUM(hList_Frame_1!B92:B100) -> 594.97
A153: 412618 | C153: 42024 | D153: WHITE, JAMES | F153: 425 | S153: MISCELLANEOUS SERVICES | T153: CONTRACT LABOR | U153: CULTURE & RECREATION | V153: OPEN SPACE-ADMIN | W153: MISCELLANEOUS SERVICES
N155: =SUM(hList_Frame_1!B101:B101) -> 425
A157: 412619 | C157: 42024 | D157: C-C TROPHY & ENGRAVING INC | F157: 55.99 | S157: BLANKET PURCHASE ORDER | T157: SERVICE AWARDS | U157: HUMAN RESOURCES | V157: HR - SHARED | W157: BLANKET PURCHASE ORDER
F158: 65.35 | S158: EMBOSSING AND ENGRAVING | T158: SERVICE AWARDS | U158: HUMAN RESOURCES | V158: HR - SHARED | W158: EMBOSSING AND ENGRAVING
A159: 412620 | C159: 42024 | F159: 216.33 | S159: BADGES/IDENTIFICATION EQ. | T159: SERVICE AWARDS | U159: CSCD | V159: CSCD-BASIC SUPERVISION | W159: BADGES/IDENTIFICATION EQ. | X159: GT196E
N161: =SUM(hList_Frame_1!B102:B104) -> 337.67
A163: 413253 | C163: 42031 | D163: GUARDIAN POWER CLEANING | F163: 895 | S163: CAFETERIA/KITCHEN EQUIP. | T163: VENT-A-HOOD CERTIFICATION | U163: FACILITIES & PARKS | V163: BUILD SUP-SHARED | W163: CAFETERIA/KITCHEN EQUIP. | X163: B21001
N165: =SUM(hList_Frame_1!B105:B105) -> 895
A167: 412323 | C167: 42010 | D167: QUILLIN, KIM | F167: 806 | T167: TRAVEL ADVANCES
N169: =SUM(hList_Frame_1!B106:B106) -> 806
A171: 412324 | C171: 42010 | D171: KEMP, STACEY | F171: 167 | T171: TRAVEL ADVANCES
N173: =SUM(hList_Frame_1!B107:B107) -> 167
A175: 412621 | C175: 42024 | D175: BARNETT, SUSAN | F175: 400 | S175: GA1-0172-2014 | T175: COURT APPOINTED ATTORNEY | U175: INDIGENT DEFENSE | V175: INDIGENT DEFENSE | W175: GA1-0172-2014 | X175: IDPRBO
F176: 420 | S176: GA1-0189-14 | T176: COURT APPOINTED ATTORNEY | U176: INDIGENT DEFENSE | V176: INDIGENT DEFENSE | W176: GA1-0189-14 | X176: IDPRBO
N178: =SUM(hList_Frame_1!B108:B109) -> 820
A180: 412622 | C180: 42024 | D180: GOVERNMENTAL ACCOUNTING | F180: 225 | S180: MISC PROFESSIONAL SERVICE | T180: DUES & SUBSCRIPTIONS | U180: COUNTY AUDITOR | V180: AUDITOR - ADMIN | W180: MISC PROFESSIONAL SERVICE
N182: =SUM(hList_Frame_1!B110:B110) -> 225
A184: 412326 | C184: 42010 | D184: OFFICE DEPOT | F184: 934.09 | S184: BLANKET PURCHASE ORDER | T184: COMPUTER SUPPLIES | U184: BUDGET | V184: SUPPORT SERVICES - SHARED | W184: BLANKET PURCHASE ORDER
T185: OFFICE SUPPLIES | U185: BUDGET | V185: BUDGET - ADMIN
U186: CONSTABLES | V186: C3-ADMIN
U187: COUNTY AUDITOR | V187: AUDITOR - ADMIN
U188: COUNTY CLERK | V188: CCLC-ADMIN
V189: COUNTY CLERK-ADMIN
U191: DISTRICT CLERK | V191: DIST CLERK-ADMIN
U192: DISTRICT COURTS | V192: DIST CT-SHARED
...

Sheet hList_Frame_1
A1: =IF(ISBLANK('January 2015'!A2),"",IF(ISTEXT('January 2015'!A2),0,'January 2015'!A2)) -> 412316 | B1: =IF(ISBLANK('January 2015'!F2),"",IF(ISTEXT('January 2015'!F2),0,'January 2015'!F2)) -> 730.09
A2: =IF(ISBLANK('January 2015'!A3),"",IF(ISTEXT('January 2015'!A3),0,'January 2015'!A3)) | B2: =IF(ISBLANK('January 2015'!F3),"",IF(ISTEXT('January 2015'!F3),0,'January 2015'!F3))
A3: =IF(ISBLANK('January 2015'!A4),"",IF(ISTEXT('January 2015'!A4),0,'January 2015'!A4)) | B3: =IF(ISBLANK('January 2015'!F4),"",IF(ISTEXT('January 2015'!F4),0,'January 2015'!F4))
A4: =IF(ISBLANK('January 2015'!A5),"",IF(ISTEXT('January 2015'!A5),0,'January 2015'!A5)) | B4: =IF(ISBLANK('January 2015'!F5),"",IF(ISTEXT('January 2015'!F5),0,'January 2015'!F5))
A5: =IF(ISBLANK('January 2015'!A6),"",IF(ISTEXT('January 2015'!A6),0,'January 2015'!A6)) | B5: =IF(ISBLANK('January 2015'!F6),"",IF(ISTEXT('January 2015'!F6),0,'January 2015'!F6))
A6: =IF(ISBLANK('January 2015'!A7),"",IF(ISTEXT('January 2015'!A7),0,'January 2015'!A7)) | B6: =IF(ISBLANK('January 2015'!F7),"",IF(ISTEXT('January 2015'!F7),0,'January 2015'!F7))
A7: =IF(ISBLANK('January 2015'!A8),"",IF(ISTEXT('January 2015'!A8),0,'January 2015'!A8)) | B7: =IF(ISBLANK('January 2015'!F8),"",IF(ISTEXT('January 2015'!F8),0,'January 2015'!F8)) -> -14.73
A8: =IF(ISBLANK('January 2015'!A9),"",IF(ISTEXT('January 2015'!A9),0,'January 2015'!A9)) -> 412604 | B8: =IF(ISBLANK('January 2015'!F9),"",IF(ISTEXT('January 2015'!F9),0,'January 2015'!F9)) -> 357.39
A9: =IF(ISBLANK('January 2015'!A10),"",IF(ISTEXT('January 2015'!A10),0,'January 2015'!A10)) | B9: =IF(ISBLANK('January 2015'!F10),"",IF(ISTEXT('January 2015'!F10),0,'January 2015'!F10)) -> 924.69
A10: =IF(ISBLANK('January 2015'!A11),"",IF(ISTEXT('January 2015'!A11),0,'January 2015'!A11)) | B10: =IF(ISBLANK('January 2015'!F11),"",IF(ISTEXT('January 2015'!F11),0,'January 2015'!F11))
A11: =IF(ISBLANK('January 2015'!A12),"",IF(ISTEXT('January 2015'!A12),0,'January 2015'!A12)) | B11: =IF(ISBLANK('January 2015'!F12),"",IF(ISTEXT('January 2015'!F12),0,'January 2015'!F12))
A12: =IF(ISBLANK('January 2015'!A13),"",IF(ISTEXT('January 2015'!A13),0,'January 2015'!A13)) | B12: =IF(ISBLANK('January 2015'!F13),"",IF(ISTEXT('January 2015'!F13),0,'January 2015'!F13))
... A25: =IF(ISBLANK('January 2015'!A26),"",IF(ISTEXT('January 2015'!A26),0,'January 2015'!A26)) | B25: =IF(ISBLANK('January 2015'!F26),"",IF(ISTEXT('January 2015'!F26),0,'January 2015'!F26))
A26: =IF(ISBLANK('January 2015'!A30),"",IF(ISTEXT('January 2015'!A30),0,'January 2015'!A30)) -> 412605 | B26: =IF(ISBLANK('January 2015'!F30),"",IF(ISTEXT('January 2015'!F30),0,'January 2015'!F30)) -> 522
A27: =IF(ISBLANK('January 2015'!A34),"",IF(ISTEXT('January 2015'!A34),0,'January 2015'!A34)) -> 412606 | B27: =IF(ISBLANK('January 2015'!F34),"",IF(ISTEXT('January 2015'!F34),0,'January 2015'!F34)) -> 1882.5
A28: =IF(ISBLANK('January 2015'!A35),"",IF(ISTEXT('January 2015'!A35),0,'January 2015'!A35)) -> 413244 | B28: =IF(ISBLANK('January 2015'!F35),"",IF(ISTEXT('January 2015'!F35),0,'January 2015'!F35)) -> 502
A29: =IF(ISBLANK('January 2015'!A39),"",IF(ISTEXT('January 2015'!A39),0,'January 2015'!A39)) -> 412317 | B29: =IF(ISBLANK('January 2015'!F39),"",IF(ISTEXT('January 2015'!F39),0,'January 2015'!F39)) -> 158.5
A30: =IF(ISBLANK('January 2015'!A40),"",IF(ISTEXT('January 2015'!A40),0,'January 2015'!A40)) -> 412607 | B30: =IF(ISBLANK('January 2015'!F40),"",IF(ISTEXT('January 2015'!F40),0,'January 2015'!F40)) -> 158.5
A31: =IF(ISBLANK('January 2015'!A41),"",IF(ISTEXT('January 2015'!A41),0,'January 2015'!A41)) -> 413245 | B31: =IF(ISBLANK('January 2015'!F41),"",IF(ISTEXT('January 2015'!F41),0,'January 2015'!F41)) -> 158.5
A32: =IF(ISBLANK('January 2015'!A45),"",IF(ISTEXT('January 2015'!A45),0,'January 2015'!A45)) -> 412608 | B32: =IF(ISBLANK('January 2015'!F45),"",IF(ISTEXT('January 2015'!F45),0,'January 2015'!F45)) -> 288.31
A33: =IF(ISBLANK('January 2015'!A49),"",IF(ISTEXT('January 2015'!A49),0,'January 2015'!A49)) -> 413246 | B33: =IF(ISBLANK('January 2015'!F49),"",IF(ISTEXT('January 2015'!F49),0,'January 2015'!F49)) -> 450
A34: =IF(ISBLANK('January 2015'!A53),"",IF(ISTEXT('January 2015'!A53),0,'January 2015'!A53)) -> 413247 | B34: =IF(ISBLANK('January 2015'!F53),"",IF(ISTEXT('January 2015'!F53),0,'January 2015'!F53)) -> 1247.22
A35: =IF(ISBLANK('January 2015'!A54),"",IF(ISTEXT('January 2015'!A54),0,'January 2015'!A54)) | B35: =IF(ISBLANK('January 2015'!F54),"",IF(ISTEXT('January 2015'!F54),0,'January 2015'!F54)) -> 383.76
A36: =IF(ISBLANK('January 2015'!A58),"",IF(ISTEXT('January 2015'!A58),0,'January 2015'!A58)) -> 412609 | B36: =IF(ISBLANK('January 2015'!F58),"",IF(ISTEXT('January 2015'!F58),0,'January 2015'!F58)) -> 61.24
A37: =IF(ISBLANK('January 2015'!A62),"",IF(ISTEXT('January 2015'!A62),0,'January 2015'!A62)) -> 412318 | B37: =IF(ISBLANK('January 2015'!F62),"",IF(ISTEXT('January 2015'!F62),0,'January 2015'!F62)) -> 622.95
A38: =IF(ISBLANK('January 2015'!A63),"",IF(ISTEXT('January 2015'!A63),0,'January 2015'!A63)) | B38: =IF(ISBLANK('January 2015'!F63),"",IF(ISTEXT('January 2015'!F63),0,'January 2015'!F63))
A39: =IF(ISBLANK('January 2015'!A64),"",IF(ISTEXT('January 2015'!A64),0,'January 2015'!A64)) | B39: =IF(ISBLANK('January 2015'!F64),"",IF(ISTEXT('January 2015'!F64),0,'January 2015'!F64))
A40: =IF(ISBLANK('January 2015'!A65),"",IF(ISTEXT('January 2015'!A65),0,'January 2015'!A65)) | B40: =IF(ISBLANK('January 2015'!F65),"",IF(ISTEXT('January 2015'!F65),0,'January 2015'!F65))
A41: =IF(ISBLANK('January 2015'!A66),"",IF(ISTEXT('January 2015'!A66),0,'January 2015'!A66)) | B41: =IF(ISBLANK('January 2015'!F66),"",IF(ISTEXT('January 2015'!F66),0,'January 2015'!F66))
A42: =IF(ISBLANK('January 2015'!A67),"",IF(ISTEXT('January 2015'!A67),0,'January 2015'!A67)) | B42: =IF(ISBLANK('January 2015'!F67),"",IF(ISTEXT('January 2015'!F67),0,'January 2015'!F67))
A43: =IF(ISBLANK('January 2015'!A68),"",IF(ISTEXT('January 2015'!A68),0,'January 2015'!A68)) -> 412610 | B43: =IF(ISBLANK('January 2015'!F68),"",IF(ISTEXT('January 2015'!F68),0,'January 2015'!F68)) -> 1736.84
A44: =IF(ISBLANK('January 2015'!A69),"",IF(ISTEXT('January 2015'!A69),0,'January 2015'!A69)) -> 413248 | B44: =IF(ISBLANK('January 2015'!F69),"",IF(ISTEXT('January 2015'!F69),0,'January 2015'!F69)) -> 450
A45: =IF(ISBLANK('January 2015'!A73),"",IF(ISTEXT('January 2015'!A73),0,'January 2015'!A73)) -> 412319 | B45: =IF(ISBLANK('January 2015'!F73),"",IF(ISTEXT('January 2015'!F73),0,'January 2015'!F73)) -> 55
A46: =IF(ISBLANK('January 2015'!A74),"",IF(ISTEXT('January 2015'!A74),0,'January 2015'!A74)) -> 412611 | B46: =IF(ISBLANK('January 2015'!F74),"",IF(ISTEXT('January 2015'!F74),0,'January 2015'!F74)) -> 13321.15
A47: =IF(ISBLANK('January 2015'!A75),"",IF(ISTEXT('January 2015'!A75),0,'January 2015'!A75)) | B47: =IF(ISBLANK('January 2015'!F75),"",IF(ISTEXT('January 2015'!F75),0,'January 2015'!F75))
A48: =IF(ISBLANK('January 2015'!A76),"",IF(ISTEXT('January 2015'!A76),0,'January 2015'!A76)) | B48: =IF(ISBLANK('January 2015'!F76),"",IF(ISTEXT('January 2015'!F76),0,'January 2015'!F76))
A49: =IF(ISBLANK('January 2015'!A77),"",IF(ISTEXT('January 2015'!A77),0,'January 2015'!A77)) | B49: =IF(ISBLANK('January 2015'!F77),"",IF(ISTEXT('January 2015'!F77),0,'January 2015'!F77)) -> 233
A50: =IF(ISBLANK('January 2015'!A78),"",IF(ISTEXT('January 2015'!A78),0,'January 2015'!A78)) | B50: =IF(ISBLANK('January 2015'!F78),"",IF(ISTEXT('January 2015'!F78),0,'January 2015'!F78))
A51: =IF(ISBLANK('January 2015'!A79),"",IF(ISTEXT('January 2015'!A79),0,'January 2015'!A79)) | B51: =IF(ISBLANK('January 2015'!F79),"",IF(ISTEXT('January 2015'!F79),0,'January 2015'!F79))
A52: =IF(ISBLANK('January 2015'!A80),"",IF(ISTEXT('January 2015'!A80),0,'January 2015'!A80)) | B52: =IF(ISBLANK('January 2015'!F80),"",IF(ISTEXT('January 2015'!F80),0,'January 2015'!F80))
A53: =IF(ISBLANK('January 2015'!A81),"",IF(ISTEXT('January 2015'!A81),0,'January 2015'!A81)) | B53: =IF(ISBLANK('January 2015'!F81),"",IF(ISTEXT('January 2015'!F81),0,'January 2015'!F81))
A54: =IF(ISBLANK('January 2015'!A85),"",IF(ISTEXT('January 2015'!A85),0,'January 2015'!A85)) -> 412612 | B54: =IF(ISBLANK('January 2015'!F85),"",IF(ISTEXT('January 2015'!F85),0,'January 2015'!F85)) -> 40
A55: =IF(ISBLANK('January 2015'!A89),"",IF(ISTEXT('January 2015'!A89),0,'January 2015'!A89)) -> 412613 | B55: =IF(ISBLANK('January 2015'!F89),"",IF(ISTEXT('January 2015'!F89),0,'January 2015'!F89)) -> 6554.87
A56: =IF(ISBLANK('January 2015'!A93),"",IF(ISTEXT('January 2015'!A93),0,'January 2015'!A93)) -> 412556 | B56: =IF(ISBLANK('January 2015'!F93),"",IF(ISTEXT('January 2015'!F93),0,'January 2015'!F93)) -> 499.94
A57: =IF(ISBLANK('January 2015'!A94),"",IF(ISTEXT('January 2015'!A94),0,'January 2015'!A94)) -> 412614 | B57: =IF(ISBLANK('January 2015'!F94),"",IF(ISTEXT('January 2015'!F94),0,'January 2015'!F94)) -> 8.5
A58: =IF(ISBLANK('January 2015'!A95),"",IF(ISTEXT('January 2015'!A95),0,'January 2015'!A95)) | B58: =IF(ISBLANK('January 2015'!F95),"",IF(ISTEXT('January 2015'!F95),0,'January 2015'!F95)) -> 24.99
A59: =IF(ISBLANK('January 2015'!A96),"",IF(ISTEXT('January 2015'!A96),0,'January 2015'!A96)) | B59: =IF(ISBLANK('January 2015'!F96),"",IF(ISTEXT('January 2015'!F96),0,'January 2015'!F96)) -> -24.99
A60: =IF(ISBLANK('January 2015'!A100),"",IF(ISTEXT('January 2015'!A100),0,'January 2015'!A100)) -> 412321 | B60: =IF(ISBLANK('January 2015'!F100),"",IF(ISTEXT('January 2015'!F100),0,'January 2015'!F100)) -> 2701.06
A61: =IF(ISBLANK('January 2015'!A101),"",IF(ISTEXT('January 2015'!A101),0,'January 2015'!A101)) | B61: =IF(ISBLANK('January 2015'!F101),"",IF(ISTEXT('January 2015'!F101),0,'January 2015'!F101))
A62: =IF(ISBLANK('January 2015'!A102),"",IF(ISTEXT('January 2015'!A102),0,'January 2015'!A102)) | B62: =IF(ISBLANK('January 2015'!F102),"",IF(ISTEXT('January 2015'!F102),0,'January 2015'!F102))
A63: =IF(ISBLANK('January 2015'!A103),"",IF(ISTEXT('January 2015'!A103),0,'January 2015'!A103)) | B63: =IF(ISBLANK('January 2015'!F103),"",IF(ISTEXT('January 2015'!F103),0,'January 2015'!F103)) -> 715.46
A64: =IF(ISBLANK('January 2015'!A104),"",IF(ISTEXT('January 2015'!A104),0,'January 2015'!A104)) | B64: =IF(ISBLANK('January 2015'!F104),"",IF(ISTEXT('January 2015'!F104),0,'January 2015'!F104))
A65: =IF(ISBLANK('January 2015'!A105),"",IF(ISTEXT('January 2015'!A105),0,'January 2015'!A105)) | B65: =IF(ISBLANK('January 2015'!F105),"",IF(ISTEXT('January 2015'!F105),0,'January 2015'!F105)) -> 515.64
A66: =IF(ISBLANK('January 2015'!A106),"",IF(ISTEXT('January 2015'!A106),0,'January 2015'!A106)) | B66: =IF(ISBLANK('January 2015'!F106),"",IF(ISTEXT('January 2015'!F106),0,'January 2015'!F106))
A67: =IF(ISBLANK('January 2015'!A107),"",IF(ISTEXT('January 2015'!A107),0,'January 2015'!A107)) | B67: =IF(ISBLANK('January 2015'!F107),"",IF(ISTEXT('January 2015'!F107),0,'January 2015'!F107))
A68: =IF(ISBLANK('January 2015'!A108),"",IF(ISTEXT('January 2015'!A108),0,'January 2015'!A108)) | B68: =IF(ISBLANK('January 2015'!F108),"",IF(ISTEXT('January 2015'!F108),0,'January 2015'!F108)) -> 92.01
A69: =IF(ISBLANK('January 2015'!A109),"",IF(ISTEXT('January 2015'!A109),0,'January 2015'!A109)) | B69: =IF(ISBLANK('January 2015'!F109),"",IF(ISTEXT('January 2015'!F109),0,'January 2015'!F109))
A70: =IF(ISBLANK('January 2015'!A110),"",IF(ISTEXT('January 2015'!A110),0,'January 2015'!A110)) -> 412615 | B70: =IF(ISBLANK('January 2015'!F110),"",IF(ISTEXT('January 2015'!F110),0,'January 2015'!F110)) -> 2766.6
A71: =IF(ISBLANK('January 2015'!A111),"",IF(ISTEXT('January 2015'!A111),0,'January 2015'!A111)) | B71: =IF(ISBLANK('January 2015'!F111),"",IF(ISTEXT('January 2015'!F111),0,'January 2015'!F111))
... A87: =IF(ISBLANK('January 2015'!A127),"",IF(ISTEXT('January 2015'!A127),0,'January 2015'!A127)) | B87: =IF(ISBLANK('January 2015'!F127),"",IF(ISTEXT('January 2015'!F127),0,'January 2015'!F127))
A88: =IF(ISBLANK('January 2015'!A131),"",IF(ISTEXT('January 2015'!A131),0,'January 2015'!A131)) -> 412322 | B88: =IF(ISBLANK('January 2015'!F131),"",IF(ISTEXT('January 2015'!F131),0,'January 2015'!F131)) -> 4075.4
A89: =IF(ISBLANK('January 2015'!A132),"",IF(ISTEXT('January 2015'!A132),0,'January 2015'!A132)) -> 412616 | B89: =IF(ISBLANK('January 2015'!F132),"",IF(ISTEXT('January 2015'!F132),0,'January 2015'!F132)) -> 335.23
A90: =IF(ISBLANK('January 2015'!A133),"",IF(ISTEXT('January 2015'!A133),0,'January 2015'!A133)) -> 413250 | B90: =IF(ISBLANK('January 2015'!F133),"",IF(ISTEXT('January 2015'!F133),0,'January 2015'!F133)) -> 356.96
A91: =IF(ISBLANK('January 2015'!A137),"",IF(ISTEXT('January 2015'!A137),0,'January 2015'!A137)) -> 413251 | B91: =IF(ISBLANK('January 2015'!F137),"",IF(ISTEXT('January 2015'!F137),0,'January 2015'!F137)) -> 19278.74
A92: =IF(ISBLANK('January 2015'!A141),"",IF(ISTEXT('January 2015'!A141),0,'January 2015'!A141)) -> 412617 | B92: =IF(ISBLANK('January 2015'!F141),"",IF(ISTEXT('January 2015'!F141),0,'January 2015'!F141)) -> 142
A93: =IF(ISBLANK('January 2015'!A142),"",IF(ISTEXT('January 2015'!A142),0,'January 2015'!A142)) | B93: =IF(ISBLANK('January 2015'!F142),"",IF(ISTEXT('January 2015'!F142),0,'January 2015'!F142))
A94: =IF(ISBLANK('January 2015'!A143),"",IF(ISTEXT('January 2015'!A143),0,'January 2015'!A143)) | B94: =IF(ISBLANK('January 2015'!F143),"",IF(ISTEXT('January 2015'!F143),0,'January 2015'!F143)) -> 26.97
A95: =IF(ISBLANK('January 2015'!A144),"",IF(ISTEXT('January 2015'!A144),0,'January 2015'!A144)) -> 413252 | B95: =IF(ISBLANK('January 2015'!F144),"",IF(ISTEXT('January 2015'!F144),0,'January 2015'!F144)) -> 426
A96: =IF(ISBLANK('January 2015'!A145),"",IF(ISTEXT('January 2015'!A145),0,'January 2015'!A145)) | B96: =IF(ISBLANK('January 2015'!F145),"",IF(ISTEXT('January 2015'!F145),0,'January 2015'!F145))
A97: =IF(ISBLANK('January 2015'!A146),"",IF(ISTEXT('January 2015'!A146),0,'January 2015'!A146)) | B97: =IF(ISBLANK('January 2015'!F146),"",IF(ISTEXT('January 2015'!F146),0,'January 2015'!F146))
A98: =IF(ISBLANK('January 2015'!A147),"",IF(ISTEXT('January 2015'!A147),0,'January 2015'!A147)) | B98: =IF(ISBLANK('January 2015'!F147),"",IF(ISTEXT('January 2015'!F147),0,'January 2015'!F147))
A99: =IF(ISBLANK('January 2015'!A148),"",IF(ISTEXT('January 2015'!A148),0,'January 2015'!A148)) | B99: =IF(ISBLANK('January 2015'!F148),"",IF(ISTEXT('January 2015'!F148),0,'January 2015'!F148))
A100: =IF(ISBLANK('January 2015'!A149),"",IF(ISTEXT('January 2015'!A149),0,'January 2015'!A149)) | B100: =IF(ISBLANK('January 2015'!F149),"",IF(ISTEXT('January 2015'!F149),0,'January 2015'!F149))
A101: =IF(ISBLANK('January 2015'!A153),"",IF(ISTEXT('January 2015'!A153),0,'January 2015'!A153)) -> 412618 | B101: =IF(ISBLANK('January 2015'!F153),"",IF(ISTEXT('January 2015'!F153),0,'January 2015'!F153)) -> 425
A102: =IF(ISBLANK('January 2015'!A157),"",IF(ISTEXT('January 2015'!A157),0,'January 2015'!A157)) -> 412619 | B102: =IF(ISBLANK('January 2015'!F157),"",IF(ISTEXT('January 2015'!F157),0,'January 2015'!F157)) -> 55.99
A103: =IF(ISBLANK('January 2015'!A158),"",IF(ISTEXT('January 2015'!A158),0,'January 2015'!A158)) | B103: =IF(ISBLANK('January 2015'!F158),"",IF(ISTEXT('January 2015'!F158),0,'January 2015'!F158)) -> 65.35
A104: =IF(ISBLANK('January 2015'!A159),"",IF(ISTEXT('January 2015'!A159),0,'January 2015'!A159)) -> 412620 | B104: =IF(ISBLANK('January 2015'!F159),"",IF(ISTEXT('January 2015'!F159),0,'January 2015'!F159)) -> 216.33
A105: =IF(ISBLANK('January 2015'!A163),"",IF(ISTEXT('January 2015'!A163),0,'January 2015'!A163)) -> 413253 | B105: =IF(ISBLANK('January 2015'!F163),"",IF(ISTEXT('January 2015'!F163),0,'January 2015'!F163)) -> 895
A106: =IF(ISBLANK('January 2015'!A167),"",IF(ISTEXT('January 2015'!A167),0,'January 2015'!A167)) -> 412323 | B106: =IF(ISBLANK('January 2015'!F167),"",IF(ISTEXT('January 2015'!F167),0,'January 2015'!F167)) -> 806
A107: =IF(ISBLANK('January 2015'!A171),"",IF(ISTEXT('January 2015'!A171),0,'January 2015'!A171)) -> 412324 | B107: =IF(ISBLANK('January 2015'!F171),"",IF(ISTEXT('January 2015'!F171),0,'January 2015'!F171)) -> 167
A108: =IF(ISBLANK('January 2015'!A175),"",IF(ISTEXT('January 2015'!A175),0,'January 2015'!A175)) -> 412621 | B108: =IF(ISBLANK('January 2015'!F175),"",IF(ISTEXT('January 2015'!F175),0,'January 2015'!F175)) -> 400
A109: =IF(ISBLANK('January 2015'!A176),"",IF(ISTEXT('January 2015'!A176),0,'January 2015'!A176)) | B109: =IF(ISBLANK('January 2015'!F176),"",IF(ISTEXT('January 2015'!F176),0,'January 2015'!F176)) -> 420
A110: =IF(ISBLANK('January 2015'!A180),"",IF(ISTEXT('January 2015'!A180),0,'January 2015'!A180)) -> 412622 | B110: =IF(ISBLANK('January 2015'!F180),"",IF(ISTEXT('January 2015'!F180),0,'January 2015'!F180)) -> 225
A111: =IF(ISBLANK('January 2015'!A184),"",IF(ISTEXT('January 2015'!A184),0,'January 2015'!A184)) -> 412326 | B111: =IF(ISBLANK('January 2015'!F184),"",IF(ISTEXT('January 2015'!F184),0,'January 2015'!F184)) -> 934.09
A112: =IF(ISBLANK('January 2015'!A185),"",IF(ISTEXT('January 2015'!A185),0,'January 2015'!A185)) | B112: =IF(ISBLANK('January 2015'!F185),"",IF(ISTEXT('January 2015'!F185),0,'January 2015'!F185))
A113: =IF(ISBLANK('January 2015'!A186),"",IF(ISTEXT('January 2015'!A186),0,'January 2015'!A186)) | B113: =IF(ISBLANK('January 2015'!F186),"",IF(ISTEXT('January 2015'!F186),0,'January 2015'!F186))
A114: =IF(ISBLANK('January 2015'!A187),"",IF(ISTEXT('January 2015'!A187),0,'January 2015'!A187)) | B114: =IF(ISBLANK('January 2015'!F187),"",IF(ISTEXT('January 2015'!F187),0,'January 2015'!F187))
A115: =IF(ISBLANK('January 2015'!A188),"",IF(ISTEXT('January 2015'!A188),0,'January 2015'!A188)) | B115: =IF(ISBLANK('January 2015'!F188),"",IF(ISTEXT('January 2015'!F188),0,'January 2015'!F188))
A116: =IF(ISBLANK('January 2015'!A189),"",IF(ISTEXT('January 2015'!A189),0,'January 2015'!A189)) | B116: =IF(ISBLANK('January 2015'!F189),"",IF(ISTEXT('January 2015'!F189),0,'January 2015'!F189))
A117: =IF(ISBLANK('January 2015'!A190),"",IF(ISTEXT('January 2015'!A190),0,'January 2015'!A190)) | B117: =IF(ISBLANK('January 2015'!F190),"",IF(ISTEXT('January 2015'!F190),0,'January 2015'!F190))
A118: =IF(ISBLANK('January 2015'!A191),"",IF(ISTEXT('January 2015'!A191),0,'January 2015'!A191)) | B118: =IF(ISBLANK('January 2015'!F191),"",IF(ISTEXT('January 2015'!F191),0,'January 2015'!F191))
A119: =IF(ISBLANK('January 2015'!A192),"",IF(ISTEXT('January 2015'!A192),0,'January 2015'!A192)) | B119: =IF(ISBLANK('January 2015'!F192),"",IF(ISTEXT('January 2015'!F192),0,'January 2015'!F192))
A120: =IF(ISBLANK('January 2015'!A193),"",IF(ISTEXT('January 2015'!A193),0,'January 2015'!A193)) | B120: =IF(ISBLANK('January 2015'!F193),"",IF(ISTEXT('January 2015'!F193),0,'January 2015'!F193))
A121: =IF(ISBLANK('January 2015'!A194),"",IF(ISTEXT('January 2015'!A194),0,'January 2015'!A194)) | B121: =IF(ISBLANK('January 2015'!F194),"",IF(ISTEXT('January 2015'!F194),0,'January 2015'!F194))
A122: =IF(ISBLANK('January 2015'!A195),"",IF(ISTEXT('January 2015'!A195),0,'January 2015'!A195)) | B122: =IF(ISBLANK('January 2015'!F195),"",IF(ISTEXT('January 2015'!F195),0,'January 2015'!F195))
... A320: =IF(ISBLANK('January 2015'!A393),"",IF(ISTEXT('January 2015'!A393),0,'January 2015'!A393)) -> 413599 | B320: =IF(ISBLANK('January 2015'!F393),"",IF(ISTEXT('January 2015'!F393),0,'January 2015'!F393)) -> 3977.82
A321: =IF(ISBLANK('January 2015'!A397),"",IF(ISTEXT('January 2015'!A397),0,'January 2015'!A397)) -> 413260 | B321: =IF(ISBLANK('January 2015'!F397),"",IF(ISTEXT('January 2015'!F397),0,'January 2015'!F397)) -> 5060.29
A322: =IF(ISBLANK('January 2015'!A398),"",IF(ISTEXT('January 2015'!A398),0,'January 2015'!A398)) | B322: =IF(ISBLANK('January 2015'!F398),"",IF(ISTEXT('January 2015'!F398),0,'January 2015'!F398))
A323: =IF(ISBLANK('January 2015'!A402),"",IF(ISTEXT('January 2015'!A402),0,'January 2015'!A402)) -> 413205 | B323: =IF(ISBLANK('January 2015'!F402),"",IF(ISTEXT('January 2015'!F402),0,'January 2015'!F402)) -> 117877.81
A324: =IF(ISBLANK('January 2015'!A403),"",IF(ISTEXT('January 2015'!A403),0,'January 2015'!A403)) | B324: =IF(ISBLANK('January 2015'!F403),"",IF(ISTEXT('January 2015'!F403),0,'January 2015'!F403))
...
